 Dungeon Crawl Stone Soup version 0.19.0-2-gae57169 (webtiles) character file.

379996 Patchouli the Bludgeoner (level 22, -5/144 HPs)
             Began as a Gargoyle Fighter on Nov 4, 2016.
             Was the Champion of Zin.
             Splashed by an ancient lich's acid (12 damage)
             ... on level 3 of the Crypt.
             The game lasted 04:07:17 (30944 turns).

Patchouli the Bludgeoner (Gargoyle Fighter)        Turns: 30944, Time: 04:07:18

Health: -5/144     AC: 62    Str: 38    XL:     22   Next: 86%
Magic:  36/36      EV: 11    Int:  6    God:    Zin [******]
Gold:   1757       SH: 10    Dex:  9    Spells: 1 memorised, 39 levels left

rFire  . . .     SeeInvis +     I - +8 morningstar "Laloxtan" {speed, MR++}
rCold  + . .     Gourm    .     G - +8 crystal plate armour of Duty {rN+ Str+2}
rNeg   + + +     Faith    .     t - +3 buckler {AC+3}
rPois  ∞         Spirit   .     (helmet restricted)
rElec  +         Reflect  .     J - +2 cloak of Eternity {rC+}
rCorr  .         Harm     .     p - +1 pair of gloves
MR     +++++     Clarity  +     E - +2 pair of boots
Stlth  ..........               b - amulet of rage
                                j - ring of positive energy
                                L - ring of Japsemp {MR++ Str+7 Int-4 SInv}

@: flying, studying Dodging
A: big wings, horns 2, clarity, negative energy resistance 1, electricity
resistance, unbreathing, petrification resistance, rot immunity, AC +16
a: Stop Flying, Recite, Vitalisation, Imprison, Sanctuary, Donate Gold, Cure All
Mutations, Renounce Religion, Evoke Berserk Rage
}: 2/15 runes: barnacled, gossamer


You were on level 3 of the Crypt.
You worshipped Zin.
Zin was exalted by your worship.
You were not hungry.

You visited 10 branches of the dungeon, and saw 42 of its levels.
You also visited: Labyrinth, Trove and Sewer.

You collected 6690 gold pieces.
You spent 3468 gold pieces at shops.
You donated 1465 gold pieces to Zin.

Inventory:

Hand Weapons
 I - the +8 morningstar "Laloxtan" (weapon) {speed, MR++}
   (You took it off an orc priest on level 1 of the Orcish Mines)

   Attacks with this weapon are significantly faster.
   It affects your resistance to hostile enchantments.
Armour
 p - a +1 pair of gloves (worn)
 r - a +1 cloak of invisibility
 t - a +3 buckler of protection (worn)
 E - a +2 pair of boots (worn)
 G - the +8 crystal plate armour of Duty (worn) {rN+ Str+2}
   (You bought it in a shop on level 2 of the Orcish Mines)

   It affects your strength (+2).
   It protects you from negative energy.
 J - the +2 cloak of Eternity (worn) {rC+}
   (You found it on level 3 of the Crypt)

   It protects you from cold.
 M - a +0 buckler of reflection
Jewellery
 b - an amulet of rage (around neck)
 g - an uncursed ring of protection from fire
 j - a ring of positive energy (right hand)
 y - the amulet of Vitality {Regen+ HP+15}
   (You bought it in a shop on level 15 of the Dungeon)

   [amulet of regeneration]

   It affects your health (+15).
   It increases your rate of regeneration.
 A - an uncursed ring of protection from cold
 L - the ring of Japsemp (left hand) {MR++ Str+7 Int-4 SInv}
   (You found it on level 15 of the Dungeon)

   [ring of see invisible]

   It affects your strength (+7).
   It affects your intelligence (-4).
   It affects your resistance to hostile enchantments.
   It lets you see invisible.
 S - an uncursed ring of resist corrosion
Wands
 c - a wand of acid (15/15)
 k - a wand of digging (9/24)
 F - a wand of paralysis (2/24)
 H - a wand of enslavement (11/24)
 P - a wand of lightning (8/15)
 X - a wand of disintegration (6/24)
Scrolls
 e - a scroll of amnesia
 h - 5 scrolls of fear
 m - 2 scrolls of fog
 n - a scroll of enchant weapon
 w - 20 scrolls of identify
 z - a scroll of enchant armour
 C - 9 scrolls of remove curse
 D - 11 scrolls of teleportation
 N - a scroll of brand weapon {unknown}
 O - 9 scrolls of magic mapping
Potions
 a - a potion of agility
 d - 2 potions of resistance
 i - 9 potions of curing
 l - 2 potions of haste
 q - a potion of lignification {unknown}
 u - 2 potions of might
 x - 3 potions of magic
 Y - 5 potions of heal wounds
Books
 o - a book of Spatial Translocations

   Spells                             Type                      Level
   a - Blink                          Translocation                2
   b - Shroud of Golubria             Charms/Translocation         2
   c - Lesser Beckoning               Translocation                3
   d - Portal Projectile              Translocation                3
   e - Teleport Other                 Translocation                3
   f - Passage of Golubria            Translocation                4
 v - a manual of Dodging
Miscellaneous
 B - a phantom mirror
 K - a phial of floods
 R - a disc of storms
Comestibles
 f - 9 bread rations
 s - a meat ration


   Skills:
 * Level 17.1 Fighting
 * Level 17.8 Maces & Flails
 * Level 16.5 Armour
 * Level 9.5 Dodging
 * Level 16.4 Shields
 - Level 10.3 Spellcasting
 + Level 8.6 Translocations
 + Level 14.3 Invocations
 + Level 12.7 Evocations


You had 39 spell levels left.
You knew the following spells:

 Your Spells              Type           Power        Failure   Level  Hunger
a - Blink                 Tloc           N/A          8%          2    ##.....


Dungeon Overview and Level Annotations

Branches:
Dungeon (15/15)            Temple (1/1) D:4            Lair (6/6) D:9
 Shoals (4/4) Lair:4       Spider (4/4) Lair:2          Orc (2/2) D:9
    Elf (0/3) Orc:2        Vaults (4/5) D:13          Crypt (3/3) Vaults:3
   Tomb (0/3) Crypt:3      Depths (2/5) D:15           Hell (1/1)
    Geh (0/7) Hell
  Slime: Lair:5-6       Dis: Hell:1         Coc: Hell:1         Tar: Hell:1

Altars:
Cheibriados
Elyvilon
Fedhas
Gozag
Hepliaklqana
Kikubaaqudgha
Makhleb
Nemelex Xobeh
Okawaru
Qazlal
Ru
Trog
Uskayaw
Vehumet
Xom
Yredelemnul
Zin
The Shining One

Shops:
D:4 [   D:12 [   D:14 :   D:15 =%=   Orc:2 (=}[   Shoals:1 (   Shoals:3 !=*

Portals:
Hell: Depths:1
Pandemonium: Depths:1
Ziggurat: Depths:2

Annotations:
D:7 Dowan; Duvessa


Innate Abilities, Weirdness & Mutations

You are resistant to torment.
Your stone body is resilient. (AC +16)
You are immune to poison.
Your large and strong wings let you fly indefinitely.
You resist negative energy. (rN+)
You are resistant to electric shocks. (rElec)
You can survive without breathing.
You are immune to petrification.
You are immune to rotting.
You have a pair of horns on your head.
You possess an exceptional clarity of mind.


Message History

You closely miss the ancient lich. You headbutt the ancient lich.
The ancient lich is severely damaged.
The ancient lich points at you and mumbles some strange words.
The crystal spear hits you!
Ouch! That really hurt!
You puncture the ancient lich! Your headbutt misses the ancient lich.
The ancient lich is almost destroyed.
You block the ancient champion's attack.
You feel much better.
The ancient champion hits you with a battleaxe of chopping!
The ancient lich touches you but does no damage.
You hit the ancient lich.
The ancient lich is almost destroyed.
The ancient champion gestures at you while chanting.
The bolt of negative energy hits you! You resist.
The ancient lich gestures at you while chanting.
The bolt of acid hits you!
* * * LOW HITPOINT WARNING * * *
You are splashed with acid!
The acid burns!
You die...

#
+#+#+#)#...#)#'#)#'#
##
......))...........##
.#
.8..8..8..)8..8..8..#
.#
.........)..........#
.#
.8..8..8...8).8..8..#
.#
....................#
##
.8..8..8...8..8..8..#
.#
....................#
.#
.8.....8...8L@...8..#
)#
.###......z###...##
## ###'''### ###'##
.... #...# ... #...#
## #.).# ##'## #...#
#...#


You could see an ancient lich and an ancient champion.

Vanquished Creatures
  Mennas (Vaults:4)
  Bai Suzhen (Shoals:4)
  Geryon (Hell)
  Arachne (Spider:4)
  A bone dragon (Crypt:3)
  Jorgrun (Shoals:2)
  A lich (Depths:1)
  The ghost of fino the Tortoise, an adept GrFi of Okawaru (Vaults:3)
  The ghost of AAAAA the Sharpshooter, an adept HuHu of Elyvilon (Shoals:4)
  A titan (Depths:1)
  The ghost of bworf the Severer, an adept HOGl of Uskayaw (Shoals:4)
  2 deep elf master archers
  Polyphemus (Shoals:3)
  Kirke (Shoals:4)
  8 ancient champions
  4 fire giants
  3 iron dragons (Depths:1)
  2 revenants
  10 vault wardens
  Ilsuiw (Shoals:4)
  Louise (Shoals:4)
  A balrug (Hell)
  10 frost giants
  3 ghost moths (Spider:4)
  12 ironheart preservers
  10 emperor scorpions
  A reaper (Hell)
  11 ghouls
  3 caustic shrike skeletons (Crypt:3)
  2 entropy weavers (Spider:3)
  5 very ugly things
  13 stone giants
  2 vampire knights
  Azrael (D:15)
  Nessos (D:14)
  The ghost of Querens the Grappler, a journeyman TrMo (Lair:2)
  A deep elf demonologist (D:12)
  A black draconian (D:12)
  A deep elf annihilator (Vaults:3)
  2 red draconians
  A crystal guardian (Vaults:1)
  2 spark wasps
  4 ettins (Depths:1)
  Snorg (Orc:1)
  4 eidola
  5 merfolk javelineers
  5 deep elf death magi
  10 merfolk impalers
  2 blizzard demons (Hell)
  3 fire dragons
  11 vault guards
  5 great orbs of eyes
  8 yaktaur captains
  A minotaur (Lab)
  A quicksilver dragon skeleton (Crypt:3)
  A ghost crab (shapeshifter) (Depths:1)
  7 hydras
  4 rakshasas
  3 ice dragons
  3 catoblepae
  16 centaur warriors
  2 merfolk avatars
  3 merfolk aquamancers (Shoals:4)
  6 naga warriors
  2 death knights
  3 deep troll shamans
  7 satyrs
  2 vampire magi
  Urug (D:12)
  9 death yaks
  5 deep troll earth magi
  2 naga sharpshooters
  An orc high priest (Orc:2)
  9 tengu warriors
  5 soul eaters
  16 ogre magi
  2 deep elf knights
  Nergalle (Lair:4)
  3 hell knights
  2 sun demons (Depths:1)
  A hellephant skeleton (Crypt:2)
  An iron troll (Depths:1)
  3 titan skeletons (Crypt:3)
  25 skeletal warriors
  A fire crab (D:15)
  2 flayed ghosts
  A quicksilver dragon simulacrum (Crypt:1)
  3 salamander mystics
  10 deep trolls
  A spark wasp zombie (Crypt:1)
  5 unseen horrors
  5 deep elf archers
  21 hill giants
  2 phantasmal warriors (Crypt:2)
  12 sea snakes
  A wizard (Depths:1)
  6 wolf spider zombies
  Pikel (D:4)
  14 harpies
  A glowing orange brain (Depths:1)
  20 wolf spiders
  7 necromancers
  14 orb spiders
  A shadow dragon skeleton (Crypt:3)
  11 ironbrand convokers
  9 orc knights
  A hell hog zombie (Crypt:1)
  An iron dragon zombie (Crypt:1)
  6 orc sorcerers
  23 fauns
  2 frost giant zombies
  7 deep elf magi
  2 moths of wrath
  A fire giant zombie (Crypt:3)
  10 cyclopes
  27 ugly things
  The ghost of Patchouli the Cudgeler, a novice GrFi of Okawaru (D:6)
  9 centaur zombies
  A frost giant skeleton (Crypt:1)
  A salamander (D:12)
  11 manticores
  2 rust devils (Hell)
  A dire elephant zombie (Crypt:1)
  2 stone giant skeletons (Crypt:3)
  A black mamba (shapeshifter) (Vaults:1)
  9 sirens
  2 iron dragon skeletons (Crypt:3)
  2 guardian serpents (D:15)
  A naga mage (D:15)
  9 vault sentinels
  7 spiny frogs
  3 black mambas
  7 water nymphs
  A molten gargoyle (Hell)
  2 torpor snails
  A storm dragon simulacrum (Depths:1)
  2 gargoyles
  A dire elephant skeleton (Crypt:3)
  A smoke demon (Hell)
  A rime drake (Lair:1)
  5 komodo dragons
  2 ice devils
  7 freezing wraiths
  A kobold demonologist (D:15)
  32 yaktaurs
  2 spriggan zombies
  7 demonic crawlers
  A hydra zombie (Hell)
  5 guardian mummies
  4 trolls
  4 tengu conjurers
  A troll (shapeshifter) (D:15)
  17 jumping spiders
  3 polar bears
  A queen bee (shapeshifter) (Vaults:1)
  49 merfolk
  20 two-headed ogres
  A bog body (Crypt:1)
  A stone giant simulacrum (Crypt:1)
  5 wind drakes
  A shadow dragon simulacrum (Crypt:1)
  A tengu simulacrum (Vaults:3)
  4 blink frogs (Lair:3)
  A harpy skeleton (Crypt:1)
  11 snapping turtles
  8 hornets
  2 hydra skeletons (Crypt:1)
  A blink frog (shapeshifter) (D:14)
  An ice dragon zombie (Crypt:1)
  22 slime creatures
  6 dream sheep
  9 hippogriffs
  2 meliai zombies
  An alligator skeleton (Crypt:3)
  59 redbacks
  A fire dragon skeleton (Crypt:1)
  Sigmund (D:6)
  3 shadows
  A redback (shapeshifter) (Vaults:2)
  6 spriggans
  3 wyverns
  Eustachio (D:6)
  2 ettin skeletons (Crypt:3)
  7 wraiths
  A hog (shapeshifter) (Vaults:2)
  27 tarantellas
  2 basilisks
  26 yaks
  9 fire elementals
  5 water elementals
  2 hungry ghosts
  A hog (Shoals:4)
  A vampire mosquito (D:15)
  A mottled dragon (D:14)
  10 nagas
  3 hell hounds (D:15)
  12 wargs
  A torturous demonspawn zombie (Crypt:1)
  6 water moccasins
  2 floating eyes (D:15)
  9 porcupines
  A fire dragon simulacrum (Crypt:3)
  49 orc warriors
  4 ice beasts
  A slave (D:4)
  A spiny frog skeleton (Crypt:2)
  2 black bears
  A gelid demonspawn skeleton (Crypt:3)
  A sky beast (D:15)
  4 necrophages
  An eye of draining (shapeshifter) (Vaults:1)
  A manticore zombie (Crypt:1)
  65 ogres
  2 phantoms
  A manticore skeleton (Crypt:3)
  16 wolves
  15 boggarts
  A snapping turtle skeleton (Crypt:3)
  33 centaurs
  12 crocodiles
  A big kobold (D:10)
  An elf zombie (Crypt:2)
  A salamander zombie (Crypt:1)
  The ghost of Patchouli the Magician, an amateur DEIE (D:3)
  11 bullfrogs
  A gnoll sergeant (D:9)
  3 wyvern zombies
  7 scorpions
  2 water moccasin skeletons (D:9)
  4 killer bees (D:11)
  A troll zombie (Crypt:1)
  24 wights
  A howler monkey (D:7)
  5 electric eels
  4 crimson imps
  A bullfrog zombie (D:13)
  An elf simulacrum (Crypt:3)
  6 hounds
  24 orc priests
  2 jellies
  44 orc wizards
  A black bear zombie (Crypt:1)
  5 centaur skeletons
  2 bullfrog skeletons
  An iron imp (Hell)
  2 iguanas
  5 hell rats (Lair:4)
  6 worker ants
  A big kobold skeleton (Crypt:3)
  3 hound skeletons
  A howler monkey zombie (D:9)
  3 mummies (D:14)
  8 gnolls
  2 howler monkey skeletons
  A swamp drake zombie (Crypt:3)
  6 adders
  17 river rats
  7 shadow imps
  A worm zombie (Crypt:3)
  An adder skeleton (D:5)
  An adder zombie (Crypt:3)
  6 worms
  A dart slug (D:1)
  4 leopard geckos
  97 orcs
  2 bats (D:1)
  6 giant cockroaches
  4 goblins
  A hobgoblin (D:1)
  14 jackals
  3 quokkas
  2 ball pythons
  A frilled lizard (D:1)
  A hobgoblin skeleton (Crypt:2)
  10 kobolds
  A leopard gecko skeleton (Crypt:3)
  19 rats
  2 fungi (Lair:6)
1683 creatures vanquished.

Vanquished Creatures (others)
  A redback (Spider:4)
  A wraith (Vaults:1)
  A tarantella (Spider:4)
  3 humans (Shoals:4)
  An orc warrior (Orc:1)
  2 ogres
  2 orc wizards
  2 orcs (Orc:2)
  A bush (Lair:4)
  2 fungi (Lair:4)
  9 pillars of salt
  44 plants
  A withered plant (D:14)
70 creatures vanquished.

Grand Total: 1753 creatures vanquished

Notes
Turn   | Place    | Note
-------+----------+-------------------------------------------
     0 | D:1      | Patchouli the Gargoyle Fighter began the quest for the Orb.
     0 | D:1      | Reached XP level 1. HP: 14/14 MP: 1/1
   126 | D:1      | Reached XP level 2. HP: 19/19 MP: 2/2
   275 | D:3      | Noticed Patchouli's ghost (amateur DEIE)
   295 | D:2      | Reached XP level 3. HP: 23/24 MP: 3/3
   405 | D:4      | Found a faded altar of an unknown god.
   405 | D:4      | Found a sparkling altar of Nemelex Xobeh.
   412 | D:4      | Found a faded altar of an unknown god.
   412 | D:4      | Noticed a slave
   412 | D:4      | Noticed a slave
   413 | D:4      | Noticed Pikel
   413 | D:4      | Noticed a slave
   414 | D:4      | Noticed a slave
   424 | D:5      | Entered Level 5 of the Dungeon
   472 | D:4      | Found a staircase to the Ecumenical Temple.
   480 | Temple   | Entered the Ecumenical Temple
   558 | D:5      | Found a glowing drain.
   572 | D:5      | Reached XP level 4. HP: 25/29 MP: 4/4
   594 | Sewer    | Entered a sewer
   698 | Sewer    | Noticed a crocodile
   707 | Sewer    | Killed a crocodile
   707 | Sewer    | Reached XP level 5. HP: 27/34 MP: 5/5
   838 | D:5      | Noticed a phantom
   864 | D:5      | Killed a phantom
   864 | D:5      | Reached XP level 6. HP: 36/39 MP: 6/6
  1140 | D:5      | Reached XP level 7. HP: 31/44 MP: 7/7
  1176 | D:5      | Found an iron altar of Okawaru.
  1184 | D:5      | Became a worshipper of Warmaster Okawaru
  1204 | D:5      | Reached skill level 5 in Fighting
  1204 | D:5      | Reached skill level 5 in Maces & Flails
  1204 | D:5      | Reached skill level 5 in Shields
  1322 | D:6      | Reached skill level 5 in Armour
  1386 | D:6      | Noticed Sigmund
  1396 | D:6      | Killed Sigmund
  1396 | D:6      | Reached XP level 8. HP: 46/50 MP: 8/8
  1425 | D:6      | Noticed Patchouli's ghost (novice GrFi)
  1427 | D:6      | Gained mutation: You possess an exceptional clarity of mind. [potion of mutation]
  1427 | D:6      | Gained mutation: You have a pair of small horns on your head. [potion of mutation]
  1427 | D:6      | Gained mutation: You have a pair of horns on your head. [potion of mutation]
  1763 | D:6      | Noticed Eustachio
  1790 | D:6      | Killed Eustachio
  1790 | D:6      | Reached * piety under Okawaru
  1949 | D:7      | Noticed Duvessa
  1950 | D:7      | Noticed Dowan
  2004 | D:9      | Found a hazy altar of Hepliaklqana.
  2115 | D:8      | Noticed a two-headed ogre
  2124 | D:8      | Killed a two-headed ogre
  2227 | D:8      | Reached ** piety under Okawaru
  2352 | D:8      | Reached XP level 9. HP: 46/56 MP: 9/9
  2657 | D:7      | Found a stormy altar of Qazlal.
  2905 | D:9      | Found a hide-covered altar of Uskayaw.
  2999 | D:9      | Reached *** piety under Okawaru
  3024 | D:10     | Entered Level 10 of the Dungeon
  3237 | D:10     | Reached XP level 10. HP: 53/64 MP: 10/10
  3422 | D:9      | Received a gift from Okawaru
  3432 | D:9      | Found a staircase to the Orcish Mines.
  3551 | Orc:1    | Entered Level 1 of the Orcish Mines
  3560 | Orc:1    | Noticed an ogre mage
  3572 | Orc:1    | Noticed a cyclops
  3575 | Orc:1    | Killed an ogre mage
  3575 | Orc:1    | Reached **** piety under Okawaru
  3587 | Orc:1    | Reached skill level 10 in Maces & Flails
  3596 | Orc:1    | Killed a cyclops
  3791 | Orc:2    | Entered Level 2 of the Orcish Mines
  3791 | Orc:2    | Noticed Snorg
  3822 | Orc:1    | Killed Snorg
  3822 | Orc:1    | Reached XP level 11. HP: 15/69 MP: 11/11
  4744 | Orc:2    | Noticed an orc high priest
  4751 | Orc:2    | Noticed an orc sorcerer
  4755 | Orc:2    | Noticed an orc sorcerer
  4841 | Orc:1    | Noticed a hill giant
  4854 | Orc:1    | Noticed a hill giant
  4867 | Orc:1    | Killed a hill giant
  4867 | Orc:1    | Reached ***** piety under Okawaru
  4879 | Orc:1    | Killed a hill giant
  4935 | Orc:1    | Noticed a hill giant
  4936 | Orc:1    | Noticed a hill giant
  4952 | Orc:1    | Killed a hill giant
  4978 | Orc:1    | Noticed a hill giant
  5000 | Orc:1    | Killed a hill giant
  5174 | Orc:1    | Noticed a hill giant
  5177 | Orc:1    | Noticed a hill giant
  5181 | Orc:1    | Killed a hill giant
  5186 | Orc:1    | Killed a hill giant
  5186 | Orc:1    | Received a gift from Okawaru
  5287 | Orc:1    | Noticed a hill giant
  5287 | Orc:1    | Noticed a hill giant
  5288 | Orc:1    | Noticed a hill giant
  5298 | Orc:1    | Killed a hill giant
  5313 | Orc:1    | Killed a hill giant
  5313 | Orc:1    | Reached skill level 1 in Invocations
  5313 | Orc:1    | Reached skill level 1 in Evocations
  5553 | Orc:1    | Killed a hill giant
  5553 | Orc:1    | Reached XP level 12. HP: 77/77 MP: 10/13
  5565 | Orc:1    | Noticed a frost giant
  5580 | Orc:1    | Reached skill level 10 in Fighting
  5614 | Orc:1    | Got a crude morningstar {speed}
  5703 | D:9      | Identified the +8 morningstar "Laloxtan" {speed, MR++} (You took it off an orc priest on level 1 of the Orcish Mines)
  5721 | D:9      | Reached skill level 10 in Shields
  5855 | D:9      | Found a staircase to the Lair.
  5882 | Lair:1   | Entered Level 1 of the Lair of Beasts
  5890 | Lair:1   | Noticed a six-headed hydra
  5896 | Lair:1   | Killed a six-headed hydra
  5941 | Lair:1   | Reached skill level 10 in Armour
  5955 | Lair:1   | Noticed a five-headed hydra
  5961 | Lair:1   | Killed a five-headed hydra
  6076 | Lair:1   | Noticed a seven-headed hydra
  6087 | Lair:1   | Killed a seven-headed hydra
  6494 | Lair:2   | Noticed Querens's ghost (journeyman TrMo)
  6526 | Lair:2   | Killed Querens's ghost
  6563 | Lair:1   | Reached skill level 5 in Invocations
  6691 | Lair:2   | Found a hole to the Spider Nest.
  6810 | Lair:1   | Identified 2 scrolls of acquirement
  7029 | D:11     | Reached XP level 13. HP: 77/83 MP: 14/17
  7068 | D:11     | Reached skill level 5 in Evocations
  7105 | D:11     | Found a labyrinth entrance.
  7136 | Lab      | Entered a labyrinth
  7477 | Lab      | Noticed a minotaur
  7482 | Lab      | Killed a minotaur
  7499 | Lab      | Identified Diff's Tome of Lethal Ice
  7725 | D:11     | Received a gift from Okawaru
  8012 | Orc:2    | Found a staircase to the Elven Halls.
  8500 | Orc:2    | Found Fytics's Armour Boutique.
  8500 | Orc:2    | Found Oviuram's Jewellery Shop.
  8504 | Orc:2    | Found Xublyvin's Gadget Boutique.
  8504 | Orc:2    | Found Lyakom's Antique Weapon Shop.
  8519 | Orc:2    | Bought the +8 crystal plate armour of Duty {rN+ Str+2} for 1605 gold pieces
  8674 | Orc:1    | Killed a frost giant
  8674 | Orc:1    | Received a gift from Okawaru
  8903 | D:6      | Killed Patchouli's ghost
  8939 | D:4      | Found an opulent altar of Gozag.
  8940 | D:4      | Found a bloodstained altar of Trog.
  8963 | D:4      | Killed Pikel
  8975 | D:4      | Found Hagaess's Antique Armour Shoppe.
  8978 | D:4      | Bought a pair of embroidered boots for 294 gold pieces
  9020 | D:4      | Found a white marble altar of Elyvilon.
  9059 | D:4      | Found a glowing silver altar of Zin.
  9063 | D:4      | Fell from the grace of Okawaru
  9063 | D:4      | Became a worshipper of Zin the Law-Giver
  9063 | D:4      | Reached * piety under Zin
  9063 | D:4      | Reached ** piety under Zin
  9064 | D:4      | Donated 1194 gold pieces to Zin
  9081 | D:4      | Reached *** piety under Zin
  9154 | D:3      | Reached **** piety under Zin
  9192 | D:3      | Killed Patchouli's ghost
  9532 | Lair:2   | Reached ***** piety under Zin
  9911 | Lair:4   | Gained mutation: Your large and strong wings let you fly indefinitely. [Gargoyle growth]
  9911 | Lair:4   | Reached XP level 14. HP: 61/88 MP: 21/21
 10001 | Lair:4   | Noticed a stone giant
 10007 | Lair:3   | Killed a stone giant
 10612 | Lair:4   | Found a staircase to the Shoals.
 10703 | Lair:4   | Noticed Nergalle
 10714 | Lair:4   | Killed Nergalle
 10778 | Lair:4   | Reached skill level 10 in Invocations
 11646 | Lair:5   | Reached ****** piety under Zin
 11650 | Lair:6   | Entered Level 6 of the Lair of Beasts
 11791 | Lair:4   | Noticed a red draconian
 11796 | Lair:4   | Killed a red draconian
 11878 | Shoals:1 | Entered Level 1 of the Shoals
 12423 | D:11     | Noticed a deep elf master archer
 12423 | D:11     | Noticed a frost giant
 12429 | D:11     | Killed a frost giant
 12434 | D:11     | Killed a deep elf master archer
 12639 | D:12     | Found Atiomnav's Antique Armour Shoppe.
 12691 | D:12     | Noticed a frost giant
 12711 | D:12     | Killed a frost giant
 12871 | D:12     | Noticed a deep elf master archer
 12883 | D:12     | Killed a deep elf master archer
 13136 | D:11     | Noticed a red draconian
 13136 | D:11     | Noticed a stone giant
 13142 | D:11     | Killed a stone giant
 13169 | D:11     | Killed a red draconian
 13685 | D:12     | Noticed Urug
 13706 | D:12     | Killed Urug
 13876 | D:12     | Was forgiven by Okawaru
 13877 | D:12     | Noticed a black draconian
 13877 | D:12     | Noticed a deep elf demonologist
 13881 | D:12     | Noticed a cacodemon
 13881 | D:12     | Killed a deep elf demonologist
 13890 | D:12     | Killed a black draconian
 13983 | D:13     | Found a gate to the Vaults.
 14048 | D:13     | Reached XP level 15. HP: 70/95 MP: 23/23
 14070 | D:13     | Found a shimmering altar of Xom.
 14219 | D:14     | Found Dakamus's Book Emporium.
 14219 | D:14     | Noticed a ghoul
 14233 | D:14     | Killed a ghoul
 14266 | D:14     | Bought a book of Minor Magic for 220 gold pieces
 14277 | D:14     | Noticed Nessos
 14300 | D:14     | Killed Nessos
 14489 | D:15     | Entered Level 15 of the Dungeon
 14506 | D:15     | Learned a level 2 spell: Blink
 14532 | D:15     | Found Lobruy's Jewellery Emporium.
 14550 | D:15     | Bought the amulet of Vitality {Regen+ HP+15} for 592 gold pieces
 14582 | D:15     | Reached skill level 1 in Translocations
 14643 | D:15     | Reached skill level 1 in Spellcasting
 14651 | D:15     | Paralysed by a floating eye for 4 turns
 14687 | D:15     | Got a flickering tin ring
 14736 | D:15     | Found Wurakhlof's Food Shop.
 14750 | D:15     | Bought 2 fruits for 30 gold pieces
 14750 | D:15     | Bought a fruit for 15 gold pieces
 14771 | D:15     | Reached skill level 10 in Evocations
 14869 | D:15     | Got a faintly glowing bronze ring
 14871 | D:15     | Identified the ring of Xoweme {rElec rN+ Stlth-} (You found it on level 15 of the Dungeon)
 14915 | D:15     | Found Allipuen's Jewellery Emporium.
 14929 | D:15     | Paralysed by a floating eye for 3 turns
 15221 | D:15     | Noticed Azrael
 15239 | D:15     | Killed Azrael
 15271 | D:15     | Reached XP level 16. HP: 92/103 MP: 24/24
 15284 | D:15     | Got a warped lead ring
 15691 | D:15     | Identified the ring of Japsemp {MR++ Str+7 Int-4 SInv} (You found it on level 15 of the Dungeon)
 15693 | D:15     | Identified the ring "Uxzaaschikhi" {Wiz MP+9 Int+2 Slay-4 Stlth+} (You found it on level 15 of the Dungeon)
 15761 | D:15     | Found a staircase to the Depths.
 15905 | Depths:1 | Entered Level 1 of the Depths
 16082 | Depths:1 | Found a one-way gate leading to the halls of Pandemonium.
 16244 | Depths:1 | Found a gateway to Hell.
 16405 | Depths:1 | Noticed a titan
 16416 | Depths:1 | Killed a titan
 17015 | Spider:1 | Entered Level 1 of the Spider Nest
 17069 | Spider:1 | Reached skill level 5 in Translocations
 17168 | Spider:1 | Reached XP level 17. HP: 109/109 MP: 26/26
 17668 | Spider:4 | Entered Level 4 of the Spider Nest
 17745 | Spider:4 | Noticed Arachne
 17763 | Spider:4 | Killed Arachne
 17810 | Spider:4 | Reached skill level 15 in Maces & Flails
 18014 | Spider:3 | Reached skill level 5 in Spellcasting
 18879 | Spider:4 | Reached XP level 18. HP: 61/116 MP: 27/27
 19102 | Spider:4 | Got a gossamer rune of Zot
 19362 | Shoals:2 | Noticed Jorgrun
 19392 | Shoals:2 | Killed Jorgrun
 19478 | Shoals:1 | Found Posuif's Antique Weapon Shoppe.
 19747 | Shoals:3 | Noticed Polyphemus
 20109 | Shoals:3 | Found Suan's Distillery.
 20122 | Shoals:3 | Found Kowolene's Jewellery Shoppe.
 20126 | Shoals:3 | Bought a potion of heal wounds for 55 gold pieces
 20126 | Shoals:3 | Bought a potion of cure mutation for 275 gold pieces
 20126 | Shoals:3 | Bought a potion of heal wounds for 55 gold pieces
 20126 | Shoals:3 | Bought a potion of degeneration for 11 gold pieces
 20126 | Shoals:3 | Bought a potion of curing for 33 gold pieces
 20126 | Shoals:3 | Bought a potion of curing for 33 gold pieces
 20162 | Shoals:3 | Bought an uncursed ring of protection from cold for 250 gold pieces
 20232 | Shoals:3 | Found Quemus's Assorted Antiques.
 20628 | Shoals:4 | Entered Level 4 of the Shoals
 20628 | Shoals:4 | Noticed Kirke
 20945 | Shoals:3 | Killed Polyphemus
 21029 | Shoals:4 | Noticed AAAAA's ghost (adept HuHu)
 21232 | Shoals:4 | Noticed Ilsuiw
 21353 | Shoals:4 | Noticed Bai Suzhen
 21365 | Shoals:4 | Reached XP level 19. HP: 110/123 MP: 24/30
 21394 | Shoals:4 | Killed Bai Suzhen
 21474 | Shoals:4 | Noticed bworf's ghost (adept HOGl)
 21521 | Shoals:4 | Killed bworf's ghost
 21539 | Shoals:4 | Got a flickering garnet amulet
 21579 | Shoals:4 | Identified the amulet of Riffaf {Harm *Drain +Fly rPois rC- Str-3} (You found it on level 4 of the Shoals)
 21633 | Shoals:4 | Reached skill level 15 in Fighting
 21647 | Shoals:4 | Got a barnacled rune of Zot
 21904 | Shoals:4 | Killed AAAAA's ghost
 22102 | Shoals:4 | Killed Kirke
 22116 | Shoals:4 | Killed Ilsuiw
 22311 | Shoals:4 | Noticed Louise
 22327 | Shoals:4 | Identified Rimaib's Compendium of Excruciating Necromancy
 22345 | Shoals:4 | Killed Louise
 23016 | Depths:1 | Noticed a lich
 23040 | Depths:1 | Killed a lich
 23288 | Depths:1 | Got a shimmering great mace
 23291 | Depths:1 | Got a crystal eveningstar
 23300 | Depths:1 | Identified the +10 eveningstar of Kouwk {venom, *Contam rPois MR+++} (You found it on level 1 of the Depths)
 23301 | Depths:1 | Identified the +9 great mace "Ocuot" {freeze, +Inv Int+3 Dex+7} (You found it on level 1 of the Depths)
 23547 | Depths:2 | Found a gateway to a ziggurat.
 23626 | Hell     | Entered the Vestibule of Hell
 23626 | Hell     | Noticed Geryon
 23643 | Hell     | Reached XP level 20. HP: 129/129 MP: 32/32
 23667 | Hell     | Killed Geryon
 24040 | Hell     | Reached skill level 15 in Armour
 24077 | Hell     | Found a gateway to the ashen valley of Gehenna.
 24286 | Vaults:1 | Entered Level 1 of the Vaults
 24448 | Vaults:1 | Reached skill level 1 in Dodging
 24927 | Vaults:1 | Reached skill level 15 in Shields
 25635 | Vaults:1 | Found a portal to a secret trove of treasure.
 25854 | D:14     | Reached XP level 21. HP: 136/136 MP: 34/34
 25903 | D:14     | Reached skill level 5 in Dodging
 26448 | Vaults:1 | You paid a toll of the horn of Geryon to enter a treasure trove
 26449 | Trove    | Entered a treasure trove
 26455 | Trove    | Got a pair of pitted boots
 26476 | Trove    | Got a faintly glowing chain mail
 26478 | Trove    | Got an ichor-stained longbow
 26490 | Vaults:1 | Identified the cursed +1 longbow of Woe {velocity, Str+3} (You found it in a treasure trove)
 26501 | Vaults:1 | Identified the +6 chain mail of Elitism {Regen+} (You found it in a treasure trove)
 26511 | Vaults:1 | Identified the +0 pair of boots of Ponlili {rC- rN+++ Str-2 Slay+5} (You found it in a treasure trove)
 27787 | Vaults:4 | Noticed Mennas
 27867 | Vaults:4 | Killed Mennas
 28541 | Vaults:3 | Noticed fino's ghost (adept GrFi)
 28588 | Vaults:3 | Killed fino's ghost
 28742 | Vaults:3 | Found a staircase to the Crypt.
 28970 | Vaults:3 | Reached XP level 22. HP: 126/143 MP: 35/35
 29147 | Crypt:1  | Entered Level 1 of the Crypt
 29443 | Crypt:1  | Reached skill level 10 in Spellcasting
 30213 | Crypt:3  | Entered Level 3 of the Crypt
 30329 | Crypt:3  | Got a slimy cloak
 30330 | Crypt:3  | Identified the +2 cloak of Eternity {rC+} (You found it on level 3 of the Crypt)
 30370 | Crypt:3  | Found a staircase to the Tomb.
 30916 | Crypt:3  | Noticed an ancient lich
 30944 | Crypt:3  | HP: 7/144 [ancient lich/bolt of acid (63)]
 30944 | Crypt:3  | Splashed by an ancient lich's acid

Skill      XL: |  1  2  3  4  5  6  7  8  9 10 11 12 13 14 15 16 17 18 19 20 21 22 |
---------------+-------------------------------------------------------------------+-----
Maces & Flails | 3 4 5 7 9 10 11 12 13 14 15 16 17 | 17.8
Fighting       | 4 5 6 7 8 9 10 11 12 13 14 15 16 17 | 17.1
Shields        | 4 5 6 7 8 9 10 11 12 13 14 15 16 | 16.4
Armour         | 4 5 6 7 8 9 10 11 12 13 14 15 16 | 16.5
Invocations    | 2 5 9 11 12 13 14 | 14.3
Evocations     | 1 4 8 9 10 11 12 | 12.7
Translocations | 3 5 6 7 8 |  8.6
Spellcasting   | 2 4 5 7 8 9 10 | 10.3
Dodging        | 4 7 9 |  9.5

Action                   |  1- 3 |  4- 6 |  7- 9 | 10-12 | 13-15 | 16-18 | 19-21 | 22-24 || total
-------------------------+-------+-------+-------+-------+-------+-------+-------+-------++-------
Melee: Flail             |    83 |   192 |   308 |   551 |       |       |       |       ||  1134
       Headbutt          |       |       |    48 |   137 |   370 |   445 |   577 |   274 ||  1851
       Morningstar       |       |       |       |   234 |  1670 |  1678 |  1965 |   734 ||  6281
Throw: Tomahawk          |       |       |     2 |    23 |       |     4 |       |       ||    29
Invok: Heroism           |       |       |     3 |    28 |     9 |       |       |       ||    40
       Finesse           |       |       |       |     1 |     3 |       |       |       ||     4
       Donate Gold       |       |       |       |       |     1 |       |       |       ||     1
       Recite            |       |       |       |       |     2 |       |    15 |    11 ||    28
       Sanctuary         |       |       |       |       |     1 |       |     1 |       ||     2
       Imprison          |       |       |       |       |       |     1 |       |       ||     1
 Abil: Evoke Berserk Rag |       |       |       |       |    22 |       |     4 |       ||    26
       Fly               |       |       |       |       |     1 |       |       |       ||     1
       Evoke Invisibilit |       |       |       |       |       |     3 |       |       ||     3
Evoke: Wand              |       |       |       |    13 |     5 |       |       |       ||    18
  Use: Potion            |       |     3 |     5 |     8 |     3 |     1 |       |     1 ||    21
       Scroll            |       |       |     8 |    11 |     7 |     8 |     9 |     1 ||    44
 Stab: Invisible         |       |       |     1 |     5 |       |     7 |       |       ||    13
       Petrified         |       |       |       |       |       |     9 |       |       ||     9
       Confused          |       |       |       |       |       |       |     8 |       ||     8
  Eat: Chunk             |       |       |    11 |    12 |    26 |    12 |     2 |       ||    63
       Beef jerky        |       |       |     1 |       |     1 |     1 |     3 |     1 ||     7
       Bread ration      |       |       |       |       |     4 |       |     2 |     1 ||     7
       Pizza             |       |       |       |       |     2 |     1 |     1 |       ||     4
       Fruit             |       |       |       |       |     3 |       |       |       ||     3
       Meat ration       |       |       |       |       |       |     1 |     2 |     1 ||     4
       Royal jelly       |       |       |       |       |       |     1 |     1 |       ||     2
Armor: Scale mail        |    35 |   133 |    53 |       |       |       |       |       ||   221
       Ring mail         |       |       |    71 |       |       |       |       |       ||    71
       Plate armour      |       |       |    15 |   394 |    73 |       |       |       ||   482
       Crystal plate arm |       |       |       |       |  1283 |  1578 |   869 |   243 ||  3973
Dodge: Dodged            |    29 |    88 |    98 |   227 |   303 |   482 |   322 |   109 ||  1658
Block: Shield            |    50 |    24 |       |       |       |       |       |       ||    74
       Buckler           |       |    37 |    54 |   197 |   484 |   755 |   526 |   172 ||  2225
